 Dungeon Crawl Stone Soup version 0.23.2-33-g5129a83 (webtiles) character file.

Game seed: 6904312318302576887

1514023 greatergadget the Impregnable (level 27, 242/258 HPs)
             Began as a Minotaur Gladiator on June 24, 2019.
             Was a High Priest of Okawaru.
             Escaped with the Orb
             ... and 3 runes on June 30, 2019!
             The game lasted 11:46:38 (105140 turns).

greatergadget the Impregnable (MiGl)              Turns: 105140, Time: 11:46:39

Health: 242/258    AC: 44    Str: 25 (29) XL:     27
Magic:  29/36      EV: 34    Int: 18 (20) God:    Okawaru [*****.]
Gold:   4474       SH: 14    Dex: 34 (35) Spells: 12/27 levels left

rFire    + . .     SeeInvis +   a - staff of earth
rCold    + + +     Gourm    .   M - +3 buckler {reflect}
rNeg     + + .     Faith    .   R - +7 plate armour of Inquiry {Str+3 Int+3 Dex+8 Slay+5 Stlth-}
rPois    +         Spirit   +   e - +3 crown of Dyrovepreva {rElec Int+2 SInv}
rElec    +         Reflect  +   z - +2 cloak {MR+}
rCorr    .         Harm     .   W - +2 pair of gloves {Str+3}
MR       ++++.                  Y - +2 pair of boots of Zet Yxat {Int+2 Dex+4}
Stlth    ..........             i - amulet of Gofuocwi {Spirit rPois rN++ SInv}
HPRegen  0.53/turn              C - ring "Nerecwot" {*Drain rPois MR+ Dex+4}
MPRegen  0.25/turn              x - ring "Homaxzon" {+Inv rF+ rC+++ Str+4 Stlth-}

@: heroism, very slightly contaminated, hasted, very quick
A: retaliatory headbutt, hooves 2, horns 2, thin skeletal structure 2, clever 1,
clumsy 1, weak 1, evolution 1, subdued magic 1
0: Orb of Zot
}: 3/15 runes: barnacled, slimy, gossamer
a: Heroism, Finesse, Renounce Religion, Evoke Invisibility


You escaped.
You worshipped Okawaru.
Okawaru was extremely pleased with you.
You were not hungry.

You visited 12 branches of the dungeon, and saw 57 of its levels.
You visited the Abyss 2 times.
You also visited: Trove, Ossuary, Ice Cave and Wizlab.

You collected 7546 gold pieces.
You spent 3072 gold pieces at shops.

Inventory:

Missiles
 d - 5 throwing nets (quivered)
Armour
 e - the +3 crown of Dyrovepreva (worn) {rElec Int+2 SInv}
   (You found it on level 5 of the Pits of Slime)

   It affects your intelligence (+2).
   It insulates you from electricity.
   It lets you see invisible.
 z - a +2 cloak of magic resistance (worn)
 F - a +2 hat of magic resistance
 M - a +3 buckler of reflection (worn)
 R - the +7 plate armour of Inquiry (worn) {Str+3 Int+3 Dex+8 Slay+5 Stlth-}
   (Okawaru gifted it to you on level 4 of the Realm of Zot)

   It affects your strength (+3).
   It affects your intelligence (+3).
   It affects your dexterity (+8).
   It affects your accuracy and damage with ranged weapons and melee attacks
   (+5).
   It makes you less stealthy.
 W - a +2 pair of gloves of strength (worn)
 Y - the +2 pair of boots of Zet Yxat (worn) {Int+2 Dex+4}
   (You bought it in a shop on level 2 of the Orcish Mines)

   It affects your intelligence (+2).
   It affects your dexterity (+4).
Magical Staves
 a - an uncursed staff of earth (weapon)
Jewellery
 i - the amulet of Gofuocwi (around neck) {Spirit rPois rN++ SInv}
   (You bought it in a shop on level 2 of the Vaults)

   [amulet of guardian spirit]

   It causes incoming damage to be split between your health and magic.
   It protects you from poison.
   It greatly protects you from negative energy.
   It lets you see invisible.
 x - the ring "Homaxzon" (right hand) {+Inv rF+ rC+++ Str+4 Stlth-}
   (You bought it in a shop on level 1 of the Elven Halls)

   [ring of strength]

   It affects your strength (+4).
   It protects you from fire.
   It renders you almost immune to cold.
   It lets you turn invisible.
   It makes you less stealthy.
 C - the ring "Nerecwot" (left hand) {*Drain rPois MR+ Dex+4}
   (You found it in a wizard's laboratory)

   [ring of protection from magic]

   It affects your dexterity (+4).
   It protects you from poison.
   It affects your resistance to hostile enchantments.
   It causes draining when unequipped.
Wands
 p - a wand of scattershot (4)
 s - a wand of paralysis (36)
 v - a wand of disintegration (26)
 G - a wand of polymorph (20)
 K - a wand of acid (17)
 L - a wand of digging (17)
 U - a wand of iceblast (16)
 Z - a wand of enslavement (25)
Scrolls
 g - 2 scrolls of blinking
 h - 2 scrolls of holy word
 j - 2 scrolls of silence
 k - a scroll of magic mapping
 n - 12 scrolls of fear
 o - 41 scrolls of remove curse
 t - 5 scrolls of enchant weapon
 B - 12 scrolls of teleportation
 H - 2 scrolls of summoning
 J - 11 scrolls of fog
 P - 8 scrolls of identify
Potions
 b - a potion of mutation
 u - 3 potions of curing
 A - a potion of haste
 E - 4 potions of flight
 I - a potion of cancellation
 N - 3 potions of might
 O - 4 potions of berserk rage
 Q - 2 potions of invisibility
Miscellaneous
 c - a lamp of fire
 m - a box of beasts
 q - a phial of floods
 S - 6 sacks of spiders
 T - a lightning rod (4/4)
 X - a phantom mirror
Comestibles
 f - 28 rations


   Skills:
 - Level 23.0(27) Fighting
 - Level 14.0(19.0) Staves
 - Level 2.0(7.0) Throwing
 - Level 24.2(27) Armour
 - Level 22.5(27) Dodging
 - Level 11.1(16.1) Shields
 - Level 0.5 Spellcasting
 - Level 10.0 Summonings
 - Level 5.2 Translocations
 * Level 20.1 Earth Magic
 - Level 7.5 Invocations
 * Level 21.0 Evocations


You had 12 spell levels left.
You knew the following spells:

 Your Spells              Type           Power        Failure   Level  Hunger
a - Apportation           Tloc           ##....       7%          1    ##.....
b - Statue Form           Tmut/Erth      #####....    83%         6    #######
c - Blink                 Tloc           N/A          10%         2    ###....
d - Lee's Rapid Deconstr  Erth           ######....   1%          5    ######.
e - Summon Butterflies    Summ           ####....     1%          1    ##.....

Your spell library contained the following spells:

 Spells                   Type           Power        Failure   Level  Hunger
 Sandblast                Erth           ######       0%          1    ##.....
 Summon Small Mammal      Summ           ####         1%          1    ##.....
 Call Imp                 Summ           ####....     1%          2    ###....
 Passwall                 Tmut/Erth      #####...     1%          2    ###....
 Call Canine Familiar     Summ           ####....     2%          3    ####...
 Stone Arrow              Conj/Erth      #####.       2%          3    ####...
 Recall                   Summ/Tloc      N/A          7%          3    ####...
 Leda's Liquefaction      Hex/Erth       #####.....   9%          4    #####..
 Petrify                  Tmut/Erth      #####...     9%          4    #####..
 Gell's Gravitas          Tloc           ##........   21%         3    ####...
 Lesser Beckoning         Tloc           ##........   21%         3    ####...
 Summon Guardian Golem    Hex/Summ       ##......     22%         3    ####...
 Borgnjor's Vile Clutch   Necr/Erth      #####.....   26%         5    ######.
 Animate Skeleton         Necr           N/A          52%         1    ##.....
 Beastly Appendage        Tmut           #.....       52%         1    ##.....
 Confusing Touch          Hex            #.....       52%         1    ##.....
 Flame Tongue             Conj/Fire      #....        52%         1    ##.....
 Freeze                   Ice            #...         52%         1    ##.....
 Magic Dart               Conj           #...         52%         1    ##.....
 Pain                     Necr           #...         52%         1    ##.....
 Shock                    Conj/Air       #...         52%         1    ##.....
 Sting                    Conj/Pois      #...         52%         1    ##.....
 Portal Projectile        Hex/Tloc       #.....       52%         3    ####...
 Summon Forest            Summ/Tloc      ###.......   58%         5    ######.
 Summon Ice Beast         Ice/Summ       ##......     61%         4    #####..
 Summon Lightning Spire   Summ/Air       ##......     61%         4    #####..
 Corpse Rot               Necr           N/A          67%         2    ###....
 Poisonous Vapours        Pois/Air       #.....       67%         2    ###....
 Slow                     Hex            #.......     67%         2    ###....
 Sticks to Snakes         Tmut           #.......     67%         2    ###....
 Sublimation of Blood     Necr           #.........   67%         2    ###....
 Swiftness                Chrm/Air       #.......     67%         2    ###....
 Throw Flame              Conj/Fire      #.....       67%         2    ###....
 Throw Frost              Conj/Ice       #.....       67%         2    ###....
 Bolt of Magma            Conj/Fire/Erth ####......   73%         5    ######.
 Iron Shot                Conj/Erth      #####.....   83%         6    #######
 Confuse                  Hex            #.......     89%         3    ####...
 Conjure Flame            Conj/Fire      #.......     89%         3    ####...
 Ignite Poison            Fire/Tmut/Pois #.......     89%         3    ####...
 Inner Flame              Hex/Fire       #.......     89%         3    ####...
 Mephitic Cloud           Conj/Pois/Air  #.......     89%         3    ####...
 Ozocubu's Armour         Chrm/Ice       #.......     89%         3    ####...
 Regeneration             Chrm/Necr      #.........   89%         3    ####...
 Spider Form              Tmut/Pois      #.........   89%         3    ####...
 Static Discharge         Conj/Air       #.......     89%         3    ####...
 Tukima's Dance           Hex            #.......     89%         3    ####...
 Vampiric Draining        Necr           #.........   89%         3    ####...
 Force Lance              Conj/Tloc      #.......     91%         4    #####..
 Airstrike                Air            #.........   100%        4    #####..
 Animate Dead             Necr           N/A          100%        4    #####..
 Fulminant Prism          Conj/Hex       #.........   100%        4    #####..
 Ice Form                 Ice/Tmut       #.......     100%        4    #####..
 Olgreb's Toxic Radiance  Pois           #.......     100%        4    #####..
 Sticky Flame             Conj/Fire      #.......     100%        4    #####..
 Throw Icicle             Conj/Ice       #.......     100%        4    #####..
 Agony                    Necr           #.......     100%        5    ######.
 Alistair's Intoxication  Tmut/Pois      #.......     100%        5    ######.
 Blade Hands              Tmut           #.........   100%        5    ######.
 Bolt of Draining         Conj/Necr      #.........   100%        5    ######.
 Dispel Undead            Necr           #.......     100%        5    ######.
 Fireball                 Conj/Fire      #.........   100%        5    ######.
 Irradiate                Conj/Tmut      #.........   100%        5    ######.
 Iskenderun's Battlesphe  Conj/Chrm      #.......     100%        5    ######.
 Lightning Bolt           Conj/Air       #.........   100%        5    ######.
 Metabolic Englaciation   Hex/Ice        #.........   100%        5    ######.
 Silence                  Hex/Air        #.........   100%        5    ######.
 Venom Bolt               Conj/Pois      #.........   100%        5    ######.
 Yara's Violent Unravell  Hex/Tmut       #.........   100%        5    ######.
 Bolt of Fire             Conj/Fire      #.........   100%        6    #######
 Darkness                 Hex            #.........   100%        6    #######
 Death Channel            Necr           #.........   100%        6    #######
 Dispersal                Tloc           ##........   100%        6    #######
 Hydra Form               Tmut           #.........   100%        6    #######
 Invisibility             Hex            #.......     100%        6    #######
 Simulacrum               Ice/Necr       #.........   100%        6    #######
 Dragon Form              Tmut           #.........   100%        7    #######
 Malign Gateway           Summ/Tloc      ###.......   100%        7    #######
 Monstrous Menagerie      Summ           ####......   100%        7    #######
 Orb of Destruction       Conj           #.........   100%        7    #######
 Ring of Flames           Chrm/Fire      #.........   100%        7    #######
 Spellforged Servitor     Conj/Summ      ##........   100%        7    #######
 Summon Greater Demon     Summ           ####......   100%        7    #######
 Summon Hydra             Summ           ####......   100%        7    #######
 Borgnjor's Revivificati  Necr           #.........   100%        8    #######
 Controlled Blink         Tloc           N/A          100%        8    #######
 Disjunction              Tloc           ##........   100%        8    #######
 Ignition                 Fire           #.........   100%        8    #######
 Summon Horrible Things   Summ           ####......   100%        8    #######
 Dragon's Call            Summ           ####......   100%        9    #######
 Shatter                  Erth           ######....   100%        9    #######
 Tornado                  Air            #.........   100%        9    #######
 Passage of Golubria      Tloc           Unusable     N/A         4    N/A

Dungeon Overview and Level Annotations

Branches:
Dungeon (15/15)            Temple (1/1) D:6            Lair (6/6) D:9
 Shoals (4/4) Lair:3       Spider (4/4) Lair:4        Slime (5/5) Lair:5
    Orc (2/2) D:10            Elf (3/3) Orc:2        Vaults (4/5) D:14
  Crypt (3/3) Vaults:2       Tomb (0/3) Crypt:3      Depths (5/5) D:15
    Zot (5/5) Depths:5

Altars:
Ashenzari
Cheibriados
Dithmenos
Elyvilon
Fedhas
Gozag
Hepliaklqana
Kikubaaqudgha
Makhleb
Nemelex Xobeh
Okawaru
Qazlal
Ru
Sif Muna
Trog
Uskayaw
Vehumet
Wu Jian
Xom
Yredelemnul
Zin
The Shining One
Jiyva
Lugonu

Shops:
D:3 *   D:11 %   Orc:1 !   Orc:2 =(!*(   Elf:1 ==}   Elf:3 :   Shoals:1 *([%*
Shoals:3 =   Vaults:1 %   Vaults:2 *   Vaults:4 }

Portals:
Hell: Depths:1 Depths:2 Depths:3 Depths:4 Depths:5
Abyss: Depths:2 Depths:4
Pandemonium: Depths:3
Ziggurat: Depths:5

Annotations:
D:5 exclusions: 2 doors and 3 more exclusions
D:9 exclusion: downstairs
D:13 exclusion: ice statue
Shoals:3 exclusion: downstairs
Spider:2 3 runed translucent doors, Agix Fois's ghost, adept DsGl
Elf:2 3 runed translucent doors
Vaults:3 exclusion: downstairs
Depths:5 exclusion: downstairs
Zot:4 exclusion: downstairs
Zot:5 1 exclusion


Innate Abilities, Weirdness & Mutations

You reflexively headbutt those who attack you in melee.
You have a pair of horns on your head.
You have hoof-like feet.
You have a moderately thin skeletal structure. (Dex +4, Stealth+)
Your mind is acute. (Int +2)
You are clumsy. (Dex -2)
You are weak. (Str -2)
You evolve.
Your spells are a little easier to cast, but a little less powerful.


Message History

Okawaru accepts your kill.
The butterfly disappears in a puff of smoke! x6
You block the hellwing's attack. x2
You hit the hellwing. You crush the hellwing! You headbutt the hellwing!!
You kill the hellwing!
Okawaru accepts your kill.
You feel better.
You feel better.
You feel better.
You feel better.
You feel better.
You feel better.
You feel better.
You feel better.
You feel better.
You feel better.
You feel better.
There is an open door here.
There is a staircase leading out of the dungeon here.
You have escaped!

....#..##################....##.#
).....#'......####......'#......#
#...#.#........##........#...#..#
#...#.#...##...##(..##...#...#..#
#...#.#..####..##..####..#...#..#
......#..####..##..####..#...#.(#
#...#.#...##...##...##...#.#.#..#
......#..................#...#..#
#...#.##........@.......##...#..#
#...#.#######..##..######........
......#######..##..######........
......##................##.......
......#..................#...##.#
......#...##...##...##...#.......
###.#.#..####..##..####..#.......
# #...#..####..##..####..#...##.#
# #.#.#...##...##...##...#...##.#


There were no monsters in sight!

Vanquished Creatures
  3 ancient liches
  11 orbs of fire
  Mennas (Crypt:1)
  Mara (Elf:3)
  Boris (thrice) (Depths:4 Vaults:3 Crypt:2)
  2 pandemonium lords
  4 Killer Klowns
  Bai Suzhen (Vaults:4)
  Frederick (Depths:3)
  3 curse toes (Zot:3)
  Nikola (Spider:2)
  7 golden dragons
  A profane servitor (Abyss:3)
  the Enchantress (Depths:2)
  Jory (Crypt:3)
  Arachne (Spider:2)
  A Hellbinder (WizLab)
  3 bone dragons
  A Tzitzimitl (Zot:5)
  A Brimstone Fiend (D:1)
  14 tentacled monstrosities
  5 electric golems
  5 liches
  A quicksilver dragon (Zot:3)
  27 Orb Guardians
  A titan (Depths:5)
  2 deep elf blademasters (Elf:3)
  4 ancient champions
  A kraken (Shoals:4)
  A sphinx (shapeshifter) (Depths:3)
  10 tentacled starspawn
  A deep elf master archer (Elf:3)
  8 death cobs
  3 sphinxes
  Kirke (D:11)
  24 acid blobs
  7 shadow dragons
  2 tengu reavers (Depths:5)
  14 storm dragons
  Roxanne (Spider:2)
  4 revenants
  A shadow dragon (shapeshifter) (Depths:3)
  15 azure jellies
  9 draconian monks
  A daeva (Abyss:3)
  10 vault wardens
  4 draconian knights
  8 draconian scorchers
  4 fire giants
  A curse skull (Crypt:1)
  2 cacodemons
  2 deep elf sorcerers
  2 frost giants (Depths:4)
  7 ghouls
  2 deep elf elementalists
  7 emperor scorpions
  A balrug (WizLab)
  3 ghost moths
  7 draconian shifters
  2 angels (Abyss:4)
  4 spriggan defenders
  7 draconian stormcallers
  4 reapers
  11 ironheart preservers
  18 stone giants
  2 war gargoyles (Depths:3)
  21 very ugly things
  A stone giant (shapeshifter) (Depths:3)
  13 draconian annihilators
  23 vampire knights
  3 entropy weavers
  A blood saint (WizLab)
  5 yellow draconians
  8 deep elf demonologists
  6 lorocyprocas
  11 green draconians
  10 black draconians
  18 red draconians
  13 white draconians
  3 blizzard demons
  8 ettins
  15 purple draconians
  6 starcursed masses
  9 deep elf death magi
  8 deep elf annihilators (Elf:3)
  8 merfolk javelineers
  An ettin (shapeshifter) (Vaults:4)
  3 spark wasps (Spider:4)
  2 green deaths
  Josephine (D:15)
  2 deep elf high priests (Elf:3)
  9 crystal guardians (Depths:3)
  Snorg (D:11)
  3 eidola
  7 great orbs of eyes
  A mummy priest (Crypt:2)
  6 yaktaur captains
  7 fire dragons
  19 jiangshi
  7 death oozes
  7 merfolk impalers
  Fannar (D:12)
  6 vault guards
  7 hydras
  5 rakshasas
  A hell beast (WizLab)
  10 ice dragons
  3 merfolk avatars
  6 death knights
  2 catoblepae
  4 spriggan air magi
  9 centaur warriors
  An anaconda (shapeshifter) (Depths:3)
  26 dancing weapons
  4 satyrs
  An alligator snapping turtle (shapeshifter) (Depths:3)
  15 ogre magi
  5 deep troll earth magi
  A deep troll shaman (Depths:1)
  Erica (Lair:1)
  An alligator (shapeshifter) (Depths:3)
  43 two-headed ogres
  A titan zombie (Abyss:3)
  6 death yaks
  7 merfolk aquamancers
  2 tengu warriors (Depths:5)
  3 alligator snapping turtles
  2 spriggan berserkers
  A hell hog (Abyss:4)
  11 vampire magi
  10 thrashing horrors
  6 storm dragon zombies (Crypt:3)
  A shock serpent (shapeshifter) (Depths:4)
  14 deep elf knights
  3 orc high priests
  5 soul eaters
  5 hell knights
  Sonja (D:10)
  8 wretched stars
  An iron troll (Depths:1)
  An iron golem (Depths:3)
  26 skeletal warriors
  A titan skeleton (Crypt:1)
  3 spatial maelstroms (Abyss:4)
  3 sixfirhies
  12 deep trolls
  13 sea snakes
  7 shadow wraiths
  A spark wasp zombie (Depths:2)
  8 unseen horrors
  3 golden dragon zombies
  19 large abominations
  7 glowing orange brains (Depths:3)
  An entropy weaver zombie (Crypt:2)
  2 spriggan druids (Depths:4)
  18 phantasmal warriors
  4 wizards
  6 flayed ghosts
  A deep troll (shapeshifter) (Vaults:3)
  2 tengu zombies (Vaults:4)
  10 deep elf archers
  Pikel (D:5)
  4 obsidian statues
  9 harpies
  9 necromancers
  6 ironbrand convokers
  16 orb spiders
  12 orc knights
  23 wolf spiders
  2 wolf spider zombies
  46 ugly things
  A wolf spider (shapeshifter) (Depths:3)
  15 fauns
  2 frost giant zombies
  3 harpies (shapeshifter)
  4 shining eyes
  2 orc sorcerers
  57 deep elf magi
  16 manticores
  A fire giant zombie (Depths:2)
  A manticore (shapeshifter) (Depths:3)
  A moth of wrath (shapeshifter) (Depths:3)
  A shadow dragon skeleton (Abyss:4)
  4 worldbinders
  A glowing shapeshifter (Depths:3)
  7 cyclopes
  An elephant (D:9)
  A human skeleton (Vaults:4)
  A rust devil (Abyss:1)
  9 merfolk sirens
  A centaur zombie (D:13)
  11 vault sentinels
  2 black mambas
  3 stone giant skeletons
  An eye of devastation (Slime:3)
  An apocalypse crab (Abyss:4)
  A naga mage (D:15)
  4 water nymphs
  10 moths of wrath
  A fire giant skeleton (Depths:2)
  A frost giant skeleton (Abyss:4)
  A dire elephant zombie (Crypt:2)
  A guardian serpent (Abyss:4)
  4 ice statues (IceCv)
  2 shock serpent zombies
  A molten gargoyle (Depths:3)
  A torpor snail (shapeshifter) (Depths:3)
  11 smoke demons
  7 torpor snails
  A hellion (Zot:5)
  An orange demon (WizLab)
  A catoblepas zombie (Crypt:3)
  A kobold demonologist (D:15)
  A white draconian zombie (Crypt:1)
  7 komodo dragons
  22 spiny frogs
  40 yaktaurs
  5 rime drakes
  15 demonic crawlers
  4 gargoyles (Depths:3)
  10 freezing wraiths
  2 human zombies
  An efreet (Zot:5)
  2 komodo dragons (shapeshifter)
  6 hellwings
  9 ice devils
  3 ancient zymes
  5 tormentors
  2 hydra zombies (Crypt:1)
  A red devil (WizLab)
  A tengu conjurer (Depths:1)
  A death yak skeleton (Crypt:2)
  A silent spectre (Abyss:4)
  9 trolls
  23 jumping spiders
  A jumping spider (shapeshifter) (Vaults:2)
  24 merfolk
  2 polar bears
  A wind drake (shapeshifter) (Vaults:2)
  9 hornets
  2 polar bears (shapeshifter)
  A tengu simulacrum (Depths:1)
  10 wind drakes
  2 raiju (shapeshifter) (Vaults:3)
  84 slime creatures
  4 tyrant leeches (Lair:6)
  6 snapping turtles
  Prince Ribbit (D:5)
  A sphinx simulacrum (Depths:1)
  20 blink frogs
  An ettin zombie (Depths:1)
  A fire dragon zombie (Depths:1)
  13 dream sheep
  A harpy skeleton (Crypt:2)
  20 hippogriffs
  2 ice dragon zombies
  21 raiju
  2 fire giant simulacra
  A human simulacrum (Vaults:3)
  2 stone giant simulacra
  17 small abominations
  5 flying skulls
  4 shadows
  2 spriggan skeletons
  6 air elementals
  25 spriggans
  21 vampires (Crypt:3)
  23 tarantellas
  A spriggan simulacrum (Depths:1)
  A black mamba zombie (Crypt:3)
  A wind drake zombie (Crypt:3)
  12 wraiths
  75 yaks
  37 redbacks
  27 water elementals
  5 ynoxinuls
  A fire bat (Abyss:2)
  2 hungry ghosts
  2 hogs (shapeshifter)
  7 hogs
  A human (D:8)
  4 golden eyes
  2 golden eyes (shapeshifter)
  A steam dragon (Lair:4)
  3 wyverns
  2 basilisks
  9 neqoxecs
  9 vampire mosquitoes
  8 fire elementals
  8 chaos spawn
  An infernal demonspawn zombie (Crypt:3)
  2 soldier ants
  5 wargs
  A soldier ant (shapeshifter) (D:14)
  2 insubstantial wisps (Depths:3)
  3 acid dragons
  15 water moccasins
  A faun skeleton (Crypt:3)
  10 porcupines
  A deep troll skeleton (Vaults:4)
  2 phantoms
  20 ice beasts
  4 sky beasts
  A slave (D:5)
  A black bear (D:10)
  An ice beast (shapeshifter) (Depths:4)
  An eye of draining (D:9)
  61 orc warriors
  11 boggarts
  An ettin simulacrum (Abyss:4)
  50 ogres
  A snapping turtle zombie (Crypt:2)
  3 necrophages
  39 centaurs
  19 wolves
  A torpor snail zombie (Crypt:1)
  An elf skeleton (Vaults:4)
  19 crocodiles
  An elephant skeleton (Crypt:1)
  3 big kobolds
  36 bullfrogs
  2 gnoll sergeants
  18 earth elementals
  3 water moccasin zombies (Ossuary)
  A wyvern skeleton (D:7)
  5 scorpions
  A yak zombie (Crypt:2)
  17 killer bees
  A polar bear skeleton (Crypt:2)
  A vampire bat (Abyss:2)
  5 wights
  6 electric eels
  11 howler monkeys
  11 crimson imps
  A bullfrog zombie (D:6)
  2 draconian simulacra (IceCv)
  9 hounds
  2 quasits
  A gnoll shaman (D:5)
  5 jellies
  Crazy Yiuf (D:5)
  21 orc priests
  5 centaur skeletons
  4 iron imps
  3 bullfrog skeletons
  5 iguanas
  An iguana (shapeshifter) (Depths:3)
  28 orc wizards
  A troll simulacrum (IceCv)
  9 worker ants
  A killer bee zombie (Crypt:2)
  An acid dragon zombie (Crypt:2)
  An ogre zombie (Crypt:1)
  3 big kobold zombies (Ossuary)
  2 centaur simulacra (IceCv)
  An acid dragon skeleton (Crypt:1)
  A hound zombie (D:9)
  3 hound skeletons
  3 mummies
  12 gnolls
  A howler monkey skeleton (D:6)
  4 naga simulacra (IceCv)
  15 adders
  An ogre simulacrum (IceCv)
  3 shadow imps
  2 white imps
  4 ufetubi
  9 adder zombies
  3 worms
  4 dart slugs
  10 leopard geckos
  101 orcs
  A ball python (D:3)
  A bat zombie (D:6)
  5 giant cockroaches
  17 hobgoblins
  3 jackals
  23 kobolds
  A ball python (shapeshifter) (Depths:3)
  A ball python skeleton (Crypt:2)
  2 bats
  6 frilled lizards (D:1)
  A frilled lizard zombie (Crypt:3)
  A giant cockroach zombie (D:5)
  A gnoll skeleton (Crypt:3)
  2 gnoll zombies (Ossuary)
  10 goblins
  4 hobgoblin zombies (Ossuary)
  2 jackal zombies
  7 kobold zombies (Ossuary)
  A leopard gecko skeleton (D:5)
  A leopard gecko zombie (Crypt:1)
  4 orc zombies (Ossuary)
  3 quokka skeletons
  A quokka zombie (Crypt:3)
  10 rats
  2 rat zombies (D:6)
  5 fungi
  17 plants
  4 starspawn tentacles
  2 tentacles (Shoals:4)
2838 creatures vanquished.

Vanquished Creatures (collateral kills)
  the Royal Jelly (Slime:5)
  An orb of fire (Zot:4)
  An acid blob (Slime:5)
  A draconian monk (Zot:3)
  A reaper (Zot:5)
  A merfolk javelineer (Shoals:4)
  2 death oozes (Slime:5)
  A faun (Shoals:4)
9 creatures vanquished.

Vanquished Creatures (others)
  A deep elf master archer (Elf:3)
  A draconian monk (Zot:3)
  A draconian knight (Zot:4)
  A deep elf sorcerer (Elf:3)
  A deep elf demonologist (Elf:2)
  A yellow draconian (Zot:3)
  A yaktaur captain (Vaults:1)
  2 ogre magi
  A centaur warrior (D:13)
  A merfolk aquamancer (Shoals:3)
  A deep elf knight (Vaults:3)
  4 deep elf archers
  A deep elf mage (Elf:1)
  A cyclops (Vaults:2)
  An ugly thing (Depths:3)
  A worldbinder (Abyss:4)
  A salamander (shapeshifter) (Depths:3)
  6 yaktaurs
  A merfolk (Shoals:4)
  A ynoxinul (Abyss:4)
  A water elemental (Depths:3)
  A golden eye (Abyss:4)
  A steam dragon (D:9)
  A water moccasin (Lair:4)
  A sky beast (D:9)
  An orc warrior (D:9)
  A boggart (Depths:1)
  An ogre (D:9)
  2 centaurs (Vaults:2)
  A wight (D:9)
  A crimson imp (D:5)
  An orc wizard (Orc:2)
  A centaur skeleton (D:9)
  A shadow imp (Abyss:4)
  A worm (D:5)
  11 ball lightnings
  2 orcs (Orc:2)
  A kobold (Orc:1)
  A quokka skeleton (D:5)
  12 fungi
  A lurking horror (Abyss:3)
  119 plants
  46 starspawn tentacles
  50 tentacles (Shoals:4)
288 creatures vanquished.

Grand Total: 3135 creatures vanquished

Notes
Turn   | Place    | Note
-------+----------+-------------------------------------------
     0 | D:1      | greatergadget the Minotaur Gladiator began the quest for
                  | the Orb.
     0 | D:1      | Reached XP level 1. HP: 18/18 MP: 0/0
   136 | D:1      | Reached XP level 2. HP: 10/25 MP: 1/1
   355 | D:1      | Reached skill level 1 in Armour
   495 | D:1      | Reached XP level 3. HP: 25/30 MP: 2/2
  1505 | D:2      | Reached XP level 4. HP: 32/38 MP: 3/3
  1928 | D:3      | Reached skill level 5 in Staves
  1928 | D:3      | Reached skill level 2 in Armour
  2147 | D:3      | Found Zin's Purification Station.
  2151 | D:3      | Found a glowing silver altar of Zin.
  2228 | D:3      | You fall through a shaft for 2 floors!
  2228 | D:5      | Entered Level 5 of the Dungeon
  2311 | D:5      | Reached XP level 5. HP: 45/45 MP: 4/4
  2415 | D:5      | Noticed a centaur
  2424 | D:5      | Killed a centaur
  2706 | D:5      | Reached XP level 6. HP: 52/52 MP: 5/5
  2731 | D:5      | Reached skill level 3 in Armour
  2751 | D:5      | Found an opulent altar of Gozag.
  2791 | D:5      | Found a stormy altar of Qazlal.
  2924 | D:5      | Noticed an ice beast
  2944 | D:5      | Killed an ice beast
  2944 | D:5      | Reached XP level 7. HP: 49/60 MP: 6/6
  3021 | D:5      | HP: 1/60 [ogre/+0 giant club (22)]
  3027 | D:5      | Reached skill level 5 in Dodging
  3328 | D:5      | Reached skill level 4 in Armour
  3414 | D:5      | Reached skill level 5 in Fighting
  3474 | D:5      | Noticed Pikel
  3498 | D:5      | Killed Pikel
  3498 | D:5      | Reached XP level 8. HP: 39/70 MP: 7/7
  3711 | D:5      | Noticed Prince Ribbit
  3790 | D:5      | Reached skill level 5 in Armour
  3966 | D:5      | Found a runed translucent door.
  3967 | D:5      | Noticed Crazy Yiuf
  3973 | D:5      | Killed Crazy Yiuf
  4326 | D:4      | Found a radiant altar of Vehumet.
  5770 | D:6      | Reached skill level 6 in Armour
  5783 | D:6      | Reached XP level 9. HP: 40/78 MP: 8/8
  6028 | D:6      | Reached skill level 10 in Staves
  6552 | D:6      | Found an ancient bone altar of Kikubaaqudgha.
  6702 | D:6      | Found an iron altar of Okawaru.
  6721 | D:6      | Became a worshipper of Warmaster Okawaru
  6905 | D:6      | Found a staircase to the Ecumenical Temple.
  6912 | Temple   | Entered the Ecumenical Temple
  7150 | D:7      | Reached skill level 7 in Armour
  7271 | D:7      | Found a sand-covered staircase.
  7317 | Ossuary  | Entered an ossuary
  7733 | D:7      | Reached * piety under Okawaru
  8079 | D:7      | Reached XP level 10. HP: 88/88 MP: 9/9
  8236 | D:7      | Killed an unseen horror
  8236 | D:7      | Reached ** piety under Okawaru
  8264 | D:7      | Reached skill level 8 in Armour
  8537 | D:8      | Learned a level 1 spell: Sandblast
  8664 | D:8      | Reached *** piety under Okawaru
  9634 | D:9      | Reached **** piety under Okawaru
  9644 | D:9      | Reached skill level 9 in Armour
  9665 | D:9      | Reached XP level 11. HP: 97/97 MP: 10/10
  9901 | D:9      | Found a staircase to the Lair.
 10113 | D:9      | Found a shimmering altar of Xom.
 10291 | D:9      | Noticed a two-headed ogre
 10316 | D:9      | Killed a two-headed ogre
 10339 | D:9      | Reached skill level 10 in Fighting
 10509 | D:10     | Entered Level 10 of the Dungeon
 10666 | D:10     | Found a shattered altar of Ashenzari.
 11017 | D:9      | Reached skill level 1 in Invocations
 11168 | D:10     | Killed an unseen horror
 11346 | D:10     | Noticed a centaur warrior
 11422 | D:10     | Noticed a two-headed ogre
 11432 | D:9      | Killed a centaur warrior
 11432 | D:9      | Reached ***** piety under Okawaru
 11432 | D:9      | Reached skill level 10 in Armour
 11432 | D:9      | Reached skill level 10 in Dodging
 11921 | D:9      | Killed a two-headed ogre
 11921 | D:9      | Reached skill level 1 in Earth Magic
 11932 | D:9      | Found a staircase to the Lair.
 12003 | D:9      | Found a shimmering altar of Xom.
 12297 | D:10     | Noticed a white ugly thing
 12297 | D:10     | Noticed a four-headed hydra
 12305 | D:9      | Killed a white ugly thing
 12386 | Lair:1   | Entered Level 1 of the Lair of Beasts
 12405 | Lair:1   | Noticed Erica
 12412 | Lair:1   | Killed Erica
 12412 | Lair:1   | Reached XP level 12. HP: 75/107 MP: 9/12
 13206 | Lair:1   | Received a gift from Okawaru
 13335 | Lair:1   | Reached skill level 11 in Armour
 13742 | Lair:2   | Found a white marble altar of Elyvilon.
 14790 | Lair:3   | Received a gift from Okawaru
 15333 | Lair:3   | Reached skill level 12 in Armour
 15488 | Lair:3   | Found a staircase to the Shoals.
 15843 | Lair:3   | Reached XP level 13. HP: 107/116 MP: 15/15
 15844 | Lair:3   | Got an ichor-stained quarterstaff
 15845 | Lair:3   | Identified the +11 quarterstaff of a treasure trove
                  | {freeze, +Rage +Fly rElec Stlth-} (You found it on level 3
                  | of the Lair of Beasts)
 16196 | Lair:3   | Reached skill level 5 in Invocations
 17117 | Lair:4   | Found a snail-covered altar of Cheibriados.
 17122 | Lair:4   | Received a gift from Okawaru
 17160 | Lair:4   | Reached skill level 13 in Armour
 17365 | Lair:4   | Got a spiked scale mail
 17372 | Lair:4   | Identified the +6 scale mail of Dramatic Exits {rElec
                  | rPois} (You found it on level 4 of the Lair of Beasts)
 17391 | Lair:4   | Identified a scroll of acquirement
 17628 | Lair:4   | Found a hole to the Spider Nest.
 18457 | Lair:5   | Found a runed translucent door.
 18458 | Lair:5   | Found a viscous altar of Jiyva.
 18460 | Lair:5   | Noticed an acid blob
 18461 | Lair:5   | Found a staircase to the Slime Pits.
 18461 | Lair:5   | Noticed an acid blob
 18536 | Lair:6   | Entered Level 6 of the Lair of Beasts
 18744 | Lair:5   | Reached skill level 5 in Earth Magic
 18752 | Lair:6   | Received a gift from Okawaru
 18950 | Lair:6   | Reached XP level 14. HP: 108/127 MP: 15/17
 18968 | Lair:6   | Reached ****** piety under Okawaru
 19093 | Lair:6   | Received a gift from Okawaru
 19118 | Lair:6   | Reached skill level 14 in Armour
 19149 | Lair:6   | Found a frozen archway.
 19179 | IceCv    | Entered an ice cave
 20193 | IceCv    | Reached skill level 1 in Evocations
 20195 | IceCv    | Found the +27 Lear's hauberk
 20204 | IceCv    | Got an ancient plate armour
 20209 | IceCv    | Got a pitted plate armour
 20223 | IceCv    | Identified the +6 plate armour "Xumul" {-Cast rPois rN+
                  | Str+2} (You found it in an ice cave)
 20230 | IceCv    | Identified the +5 quick blade "Zashreeq" {flame, MR- Str+2
                  | Int+4 Stlth+} (You found it in an ice cave)
 20721 | Lair:6   | Identified the +4 plate armour "Xiasyu" {rCorr} (You found
                  | it in an ice cave)
 22592 | D:10     | Noticed Sonja
 22600 | D:10     | Killed Sonja
 22635 | D:10     | Found a staircase to the Orcish Mines.
 22659 | D:10     | Received a gift from Okawaru
 22768 | D:11     | Noticed Snorg
 22777 | D:11     | Killed Snorg
 23329 | D:11     | Found Xiss's Food Shoppe.
 23666 | D:12     | Noticed Kirke
 23723 | D:11     | Killed Kirke
 23723 | D:11     | Reached skill level 15 in Armour
 23867 | D:12     | Noticed Fannar
 23896 | D:12     | Killed Fannar
 23940 | D:12     | Reached XP level 15. HP: 136/136 MP: 19/19
 24157 | D:12     | Found a viscous altar of Jiyva.
 24418 | D:12     | Received a gift from Okawaru
 24739 | Orc:1    | Entered Level 1 of the Orcish Mines
 24863 | Orc:1    | Found a bloodstained altar of Trog.
 24926 | Orc:2    | Entered Level 2 of the Orcish Mines
 24947 | Orc:2    | Found a staircase to the Elven Halls.
 24950 | Orc:2    | Found Jeariu's Weapon Shoppe.
 25252 | Orc:1    | Found Vaont's Distillery.
 25349 | Orc:1    | Bought a potion of curing for 42 gold pieces
 25349 | Orc:1    | Bought a potion of cancellation for 112 gold pieces
 25613 | Orc:2    | Found a bloodstained altar of Trog.
 26268 | Orc:2    | Found Gaodgh's Weapon Emporium.
 26268 | Orc:2    | Found Mauly's Distillery.
 26270 | Orc:2    | Found Qickoeli's Assorted Antiques.
 26272 | Orc:2    | Found Tibegh's Jewellery Shoppe.
 26280 | Orc:2    | Bought an uncursed ring of protection from magic for 450
                  | gold pieces
 26289 | Orc:2    | Bought a potion of curing for 105 gold pieces
 26289 | Orc:2    | Bought a pair of faintly humming boots for 332 gold pieces
 26291 | Orc:2    | Bought a potion of curing for 45 gold pieces
 26291 | Orc:2    | Bought a potion of curing for 45 gold pieces
 26291 | Orc:2    | Bought a potion of curing for 45 gold pieces
 26291 | Orc:2    | Identified the +2 pair of boots of Zet Yxat {Int+2 Dex+4}
                  | (You bought it in a shop on level 2 of the Orcish Mines)
 26506 | Orc:2    | Gained mutation: You expend magic power (3 MP) to
                  | strengthen your wands. [potion of mutation]
 26506 | Orc:2    | Gained mutation: Your mind is acute. (Int +2) [potion of
                  | mutation]
 26507 | Orc:2    | Lost mutation: Your mind is acute. (Int +2) [potion of
                  | mutation]
 26507 | Orc:2    | Lost mutation: You expend magic power (3 MP) to strengthen
                  | your wands. [potion of mutation]
 26507 | Orc:2    | Gained mutation: You passively map a small area around you.
                  | [potion of mutation]
 26507 | Orc:2    | Gained mutation: You have a pair of large horns on your
                  | head. [potion of mutation]
 26507 | Orc:2    | Gained mutation: You have large cloven feet. [potion of
                  | mutation]
 26508 | Orc:2    | Lost mutation: You passively map a small area around you.
                  | [potion of mutation]
 26508 | Orc:2    | Lost mutation: You have large cloven feet. [potion of
                  | mutation]
 26508 | Orc:2    | Lost mutation: You have a pair of large horns on your head.
                  | [potion of mutation]
 26508 | Orc:2    | Gained mutation: Armour fits poorly on your strangely
                  | shaped body. [potion of mutation]
 26508 | Orc:2    | Gained mutation: You are somewhat resistant to further
                  | mutation. [potion of mutation]
 26509 | Orc:2    | Lost mutation: You are somewhat resistant to further
                  | mutation. [potion of mutation]
 26509 | Orc:2    | Lost mutation: Armour fits poorly on your strangely shaped
                  | body. [potion of mutation]
 26509 | Orc:2    | Gained mutation: Your spells are a little harder to cast,
                  | but a little more powerful. [potion of mutation]
 26509 | Orc:2    | Gained mutation: Your muscles are strong. (Str +2) [potion
                  | of mutation]
 26719 | Spider:1 | Entered Level 1 of the Spider Nest
 27999 | Spider:2 | Found a runed translucent gate.
 27999 | Spider:2 | Found a runed translucent gate.
 27999 | Spider:2 | Found a runed translucent gate.
 27999 | Spider:2 | Noticed Agix Fois's ghost (adept DsGl)
 28169 | Spider:2 | Noticed Nikola
 28169 | Spider:2 | Noticed Arachne
 28183 | Spider:2 | Killed Nikola
 28183 | Spider:2 | Received a gift from Okawaru
 28183 | Spider:2 | Reached skill level 5 in Evocations
 28190 | Spider:2 | Killed Arachne
 28190 | Spider:2 | Reached skill level 15 in Dodging
 28195 | Spider:2 | Identified the +0 cloak "Biosem" {rN+ MR- Str+2 Int+3}
                  | (Okawaru gifted it to you on level 2 of the Spider Nest)
 28212 | Spider:2 | Identified Roxanne's Compendium of Earth
 28212 | Spider:2 | Noticed Roxanne
 28536 | Spider:2 | Killed Roxanne
 29241 | Spider:3 | Reached skill level 16 in Armour
 29388 | Spider:4 | Entered Level 4 of the Spider Nest
 29406 | Spider:3 | Reached XP level 16. HP: 147/147 MP: 20/20
 29454 | Spider:4 | Received a gift from Okawaru
 30245 | Spider:4 | Received a gift from Okawaru
 31016 | Spider:4 | Reached skill level 15 in Fighting
 31220 | Spider:4 | Received a gift from Okawaru
 31229 | Spider:4 | Got a gossamer rune of Zot
 31396 | Shoals:1 | Entered Level 1 of the Shoals
 32035 | Shoals:1 | Found Gareureo's Assorted Antiques.
 32044 | Shoals:1 | Found Caaduaju's Antique Weapon Shoppe.
 32106 | Shoals:1 | Found Zeory's Food Emporium.
 32109 | Shoals:1 | Found Kiuttom's Antique Armour Shop.
 32110 | Shoals:1 | Found Madghis's General Store.
 32133 | Shoals:1 | Bought an embroidered hat for 217 gold pieces
 32805 | Shoals:2 | Received a gift from Okawaru
 33185 | Shoals:2 | Reached XP level 17. HP: 128/156 MP: 21/21
 33438 | Shoals:3 | Reached skill level 17 in Armour
 33696 | Shoals:3 | Received a gift from Okawaru
 33851 | Shoals:3 | Found Hiagalle's Jewellery Shoppe.
 34763 | Shoals:4 | Entered Level 4 of the Shoals
 35720 | Shoals:4 | Received a gift from Okawaru
 36135 | Shoals:4 | Got a barnacled rune of Zot
 37018 | Shoals:4 | Reached skill level 10 in Earth Magic
 37019 | Shoals:4 | Noticed a kraken
 37517 | Shoals:4 | Killed a kraken
 38253 | D:5      | Killed Prince Ribbit
 38273 | D:5      | Found a stormy altar of Qazlal.
 38286 | D:5      | Found an opulent altar of Gozag.
 39367 | D:13     | Received a gift from Okawaru
 39374 | D:13     | Reached XP level 18. HP: 137/168 MP: 23/23
 39384 | D:13     | Got a pair of spiked gloves {god gift}
 39395 | D:13     | Identified the +1 pair of gloves "Ybuusesku" {Stlth+}
                  | (Okawaru gifted it to you on level 13 of the Dungeon)
 39838 | D:14     | Found a gate to the Vaults.
 39932 | D:14     | Found a hide-covered altar of Uskayaw.
 40547 | D:15     | Entered Level 15 of the Dungeon
 40803 | D:15     | Reached skill level 18 in Armour
 41353 | D:15     | Noticed Josephine
 41365 | D:15     | Killed Josephine
 41630 | D:15     | Found a staircase to the Depths.
 41648 | Depths:1 | Entered Level 1 of the Depths
 42327 | Depths:1 | Found a gateway to Hell.
 42545 | Depths:1 | Reached skill level 10 in Evocations
 43604 | Depths:1 | Received a gift from Okawaru
 44658 | Depths:1 | Received a gift from Okawaru
 45259 | Depths:2 | Identified the +2 faerie dragon scales {rElec rN++ rCorr}
 45259 | Depths:2 | Noticed the Enchantress
 45277 | Depths:1 | Reached XP level 19. HP: 94/177 MP: 23/25
 45802 | Depths:2 | Killed the Enchantress
 45877 | Depths:2 | Noticed a lich
 45887 | Depths:2 | Killed a lich
 46512 | Depths:2 | Received a gift from Okawaru
 46526 | Depths:1 | Reached skill level 19 in Armour
 46887 | Depths:2 | Noticed a Tzitzimitl
 46887 | Depths:2 | Noticed a Tzitzimitl
 46924 | Depths:2 | HP: 8/178 [??? (3)]
 47621 | Depths:2 | Found a sacrificial altar of Ru.
 48141 | Depths:2 | Found a one-way gate to the infinite horrors of the Abyss.
 49480 | Depths:2 | HP: 8/179 [??? (3)]
 52265 | Depths:3 | Received a gift from Okawaru
 52265 | Depths:3 | Reached XP level 20. HP: 154/188 MP: 27/27
 52300 | Depths:3 | Got a dazzling flail
 52301 | Depths:3 | Identified the +10 flail "Siaff" {elec, rPois SInv} (You
                  | found it on level 3 of the Depths)
 52342 | Depths:3 | Got an iridescent scythe
 52343 | Depths:3 | Identified the +8 scythe "Huuzxaech" {pain, rPois rC- MP+9}
                  | (You found it on level 3 of the Depths)
 52351 | Depths:3 | Got a slimy trident
 52352 | Depths:3 | Identified the +6 trident "Uthraa" {protect, rElec rF- rC++
                  | SInv} (You found it on level 3 of the Depths)
 53839 | Depths:4 | Noticed Frederick
 54120 | Depths:3 | Killed Frederick
 54120 | Depths:3 | Received a gift from Okawaru
 54258 | Depths:4 | Got a shimmering spear
 54259 | Depths:4 | Identified the +3 spear "Tucuuzot" {pierce, rC+} (You found
                  | it on level 4 of the Depths)
 54304 | Depths:4 | Noticed Boris
 54332 | Depths:4 | Killed Boris
 55446 | Depths:3 | Reached skill level 1 in Shields
 55806 | Depths:4 | Noticed a golden dragon
 55829 | Depths:4 | Killed a golden dragon
 56246 | Depths:5 | Entered Level 5 of the Depths
 56814 | Depths:5 | Received a gift from Okawaru
 57104 | Depths:5 | Found a corrupted altar of Lugonu.
 57186 | Depths:5 | Reached skill level 20 in Armour
 57475 | Depths:5 | Received a gift from Okawaru
 57476 | Depths:5 | Found the +10 zealot's sword {holy, *Rage rN+ EV+3}
 57898 | Depths:5 | Noticed a bone dragon
 57931 | Depths:5 | Killed a bone dragon
 57932 | Depths:5 | Noticed a golden dragon
 57933 | Depths:5 | Found a gate to the Realm of Zot.
 57948 | Depths:5 | Killed a golden dragon
 57981 | Depths:5 | Reached XP level 21. HP: 150/198 MP: 29/29
 58301 | Depths:5 | Found a gateway to a ziggurat.
 58761 | Vaults:1 | Entered Level 1 of the Vaults
 58946 | D:14     | Received a gift from Okawaru
 58949 | D:14     | Got an ancient robe {god gift}
 58965 | D:14     | Identified the +4 robe of the Six Eyes {rPois} (Okawaru
                  | gifted it to you on level 14 of the Dungeon)
 58998 | D:14     | Reached skill level 5 in Shields
 59791 | Vaults:1 | Found Eric's Food Shoppe.
 60967 | Vaults:2 | Found a staircase to the Crypt.
 61626 | Vaults:2 | Found Kesinoro's General Store.
 62524 | Vaults:3 | Received a gift from Okawaru
 62525 | Vaults:3 | Got a warped lajatang {god gift}
 62553 | Vaults:3 | Identified the +9 lajatang "Remeilut" {holy, *Rage rElec
                  | MR+ Str+4} (Okawaru gifted it to you on level 3 of the
                  | Vaults)
 62926 | Vaults:3 | Found a portal to a secret trove of treasure.
 62930 | Vaults:3 | You paid a toll of 7 potions of agility to enter a treasure
                  | trove
 62931 | Trove    | Entered a treasure trove
 62975 | Trove    | Found the +7 mace of Variability {chain chaos}
 63016 | Trove    | Reached XP level 22. HP: 206/206 MP: 31/31
 63026 | Trove    | Got a translucent bronze ring
 63031 | Trove    | Identified the ring of Foolhardiness {rN+ MR+} (You found
                  | it in a treasure trove)
 63372 | Vaults:3 | Noticed Boris
 63399 | Vaults:3 | Killed Boris
 63814 | Vaults:3 | Reached skill level 21 in Armour
 64166 | Vaults:3 | Reached XP level 23. HP: 197/214 MP: 32/32
 64658 | Vaults:4 | Upgraded the game from 0.23.2-30-g0e89c35 to
                  | 0.23.2-33-g5129a83
 64759 | Vaults:4 | Gained mutation: Potions are less effective at restoring
                  | your health. [a neqoxec]
 65000 | Vaults:4 | Received a gift from Okawaru
 66307 | Vaults:4 | Noticed Bai Suzhen
 66336 | Vaults:4 | Killed Bai Suzhen
 66446 | Vaults:4 | Found Domm's Gadget Boutique.
 67051 | Elf:1    | Entered Level 1 of the Elven Halls
 67080 | Elf:1    | Gained mutation: Your spells are harder to cast, but more
                  | powerful. [a neqoxec]
 67197 | Elf:1    | Reached skill level 10 in Shields
 67866 | Elf:1    | Found Utalelek's Gadget Boutique.
 67867 | Elf:1    | Found Tomid's Jewellery Emporium.
 67867 | Elf:1    | Found Ucuih's Jewellery Emporium.
 68642 | Elf:2    | Received a gift from Okawaru
 68643 | Elf:2    | Got a dazzling plate armour {god gift}
 68735 | Elf:2    | Found a runed translucent gate.
 68735 | Elf:2    | Found a runed translucent gate.
 68735 | Elf:2    | Found a runed translucent gate.
 68813 | Elf:2    | Found a magical portal.
 68850 | WizLab   | Entered The Hall of the Hellbinder
 69255 | WizLab   | Identified the +1 plate armour "Pyraph" {*Corrode rElec rC+
                  | Dex+4} (Okawaru gifted it to you on level 2 of the Elven
                  | Halls)
 69345 | WizLab   | Lost mutation: Your muscles are strong. (Str +2) [a
                  | cacodemon]
 69348 | WizLab   | Gained mutation: Potions are poor at restoring your health.
                  | [a cacodemon]
 69771 | WizLab   | Found a burning altar of Makhleb.
 69859 | WizLab   | Identified the +3 plate armour of the Fife {+Inv rElec
                  | Str+6 Stlth-} (You found it in a wizard's laboratory)
 69895 | WizLab   | Identified Ydghusm's Guide on Summoning
 69915 | WizLab   | Identified the ring "Nerecwot" {*Drain rPois MR+ Dex+4}
                  | (You found it in a wizard's laboratory)
 70340 | Elf:2    | Reached skill level 1 in Summonings
 70695 | Elf:3    | Entered Level 3 of the Elven Halls
 70695 | Elf:3    | Found a radiant altar of Vehumet.
 71046 | Elf:3    | Found Riykused's Book Shop.
 71246 | Elf:3    | Reached XP level 24. HP: 118/224 MP: 29/33
 72488 | Elf:3    | Identified the +7 spear "Myuna" {freeze, rC+ Str-3 Dex+3
                  | Stlth+}
 72490 | Elf:3    | Identified the +4 dagger "Omotux Tasi" {flame, rF+}
 72577 | Elf:3    | Learned a level 6 spell: Statue Form
 72616 | Elf:3    | Noticed Mara
 72623 | Elf:3    | Noticed greatergadget's illusion
 72640 | Elf:3    | Killed Mara
 72779 | Elf:3    | Received a gift from Okawaru
 72791 | Elf:3    | Got a translucent quarterstaff {god gift}
 72945 | Elf:3    | Identified the ring "Qomyd" {rElec Stlth-}
 73011 | Elf:3    | Identified the +1 quarterstaff of Sytz {crush, Dex+4}
                  | (Okawaru gifted it to you on level 3 of the Elven Halls)
 73171 | Elf:3    | Identified the Catalogue of Venomous Curses
 73251 | Elf:3    | Identified the +1 hand axe of Sudden Death {freeze, rF- rN+
                  | Str+2 Int+4}
 73453 | Elf:3    | Identified the Grimoire of Congealing Poison
 74017 | Elf:3    | Reached skill level 15 in Evocations
 74233 | Elf:1    | Bought the ring "Homaxzon" {+Inv rF+ rC+++ Str+4 Stlth-}
                  | for 897 gold pieces
 74602 | Vaults:2 | Bought the amulet of Gofuocwi {Spirit rPois rN++ SInv} for
                  | 782 gold pieces
 75785 | Depths:2 | Voluntarily entered the Abyss.
 76068 | Abyss:1  | Gained mutation: Armour fits poorly on your strangely
                  | shaped body. [a neqoxec]
 76070 | Abyss:1  | Gained mutation: You tend to lose your temper in combat. [a
                  | neqoxec]
 76084 | Abyss:1  | Gained mutation: Your magical capacity is low. (-10% MP) [a
                  | neqoxec]
 76182 | Abyss:2  | Noticed an ancient lich
 76211 | Abyss:2  | Killed an ancient lich
 76211 | Abyss:2  | Reached skill level 5 in Summonings
 76234 | Abyss:2  | Found a corrupted altar of Lugonu.
 76313 | Abyss:2  | Found a burning altar of Makhleb.
 76455 | Depths:2 | Escaped the Abyss
 76884 | Depths:3 | Found a one-way gate leading to the halls of Pandemonium.
 76950 | Depths:3 | Lost mutation: Potions are poor at restoring your health.
                  | [potion of mutation]
 76950 | Depths:3 | Lost mutation: Potions are less effective at restoring your
                  | health. [potion of mutation]
 76950 | Depths:3 | Lost mutation: You tend to lose your temper in combat.
                  | [potion of mutation]
 76950 | Depths:3 | Gained mutation: You do not regenerate when monsters are
                  | visible. [potion of mutation]
 76950 | Depths:3 | Gained mutation: You are occasionally teleported next to
                  | monsters. [potion of mutation]
 76950 | Depths:3 | Gained mutation: You evolve. [potion of mutation]
 76951 | Depths:3 | Lost mutation: Armour fits poorly on your strangely shaped
                  | body. [potion of mutation]
 76951 | Depths:3 | Lost mutation: You evolve. [potion of mutation]
 76951 | Depths:3 | Lost mutation: Your spells are harder to cast, but more
                  | powerful. [potion of mutation]
 76951 | Depths:3 | Lost mutation: You are occasionally teleported next to
                  | monsters. [potion of mutation]
 76951 | Depths:3 | Gained mutation: You are partially covered in iridescent
                  | scales. (AC +2) [potion of mutation]
 76951 | Depths:3 | Gained mutation: Your body sometimes deteriorates upon
                  | taking damage. [potion of mutation]
 76951 | Depths:3 | Gained mutation: Your mind is acute. (Int +2) [potion of
                  | mutation]
 76952 | Depths:3 | Lost mutation: Your body sometimes deteriorates upon taking
                  | damage. [potion of mutation]
 76952 | Depths:3 | Lost mutation: You are partially covered in iridescent
                  | scales. (AC +2) [potion of mutation]
 76952 | Depths:3 | Lost mutation: Your mind is acute. (Int +2) [potion of
                  | mutation]
 76952 | Depths:3 | Gained mutation: You evolve. [potion of mutation]
 76954 | Depths:3 | Lost mutation: Your magical capacity is low. (-10% MP)
                  | [potion of mutation]
 76954 | Depths:3 | Lost mutation: You evolve. [potion of mutation]
 76954 | Depths:3 | Gained mutation: Your magical capacity is low. (-10% MP)
                  | [potion of mutation]
 76954 | Depths:3 | Gained mutation: You expend magic power (3 MP) to
                  | strengthen your wands. [potion of mutation]
 76955 | Depths:3 | Lost mutation: Your magical capacity is low. (-10% MP)
                  | [potion of mutation]
 76955 | Depths:3 | Lost mutation: You do not regenerate when monsters are
                  | visible. [potion of mutation]
 76955 | Depths:3 | Gained mutation: You are surrounded by a mild repulsion
                  | field. (EV +2) [potion of mutation]
 76955 | Depths:3 | Gained mutation: You are agile. (Dex +2) [potion of
                  | mutation]
 77081 | Depths:2 | Voluntarily entered the Abyss.
 77445 | Abyss:1  | Learned a level 2 spell: Blink
 77451 | Abyss:1  | Learned a level 5 spell: Lee's Rapid Deconstruction
 77501 | Abyss:1  | Reached skill level 15 in Earth Magic
 77563 | Abyss:1  | Received a gift from Okawaru
 77565 | Abyss:1  | Got a pair of heavily runed boots {god gift}
 77615 | Abyss:1  | Identified the +2 pair of boots of the Beginning {rElec}
                  | (Okawaru gifted it to you on level 1 of the Abyss)
 77790 | Abyss:1  | Found a corrupted altar of Lugonu.
 77860 | Abyss:1  | Gained mutation: Your body sometimes deteriorates upon
                  | taking damage. [a neqoxec]
 78030 | Abyss:3  | Found a corrupted altar of Lugonu.
 78621 | Abyss:3  | Reached skill level 22 in Armour
 78742 | Abyss:4  | Found a corrupted altar of Lugonu.
 78773 | Abyss:4  | Found a corrupted altar of Lugonu.
 78800 | Abyss:4  | Found a corrupted altar of Lugonu.
 78830 | Abyss:4  | Reached XP level 25. HP: 213/230 MP: 30/33
 79224 | Abyss:4  | Noticed an ancient lich
 79416 | Abyss:4  | Found a corrupted altar of Lugonu.
 79547 | Abyss:4  | Received a gift from Okawaru
 79865 | Abyss:4  | Found a sacrificial altar of Ru.
 79886 | Abyss:4  | Paralysed by accursed screaming for 1 turns
 79913 | Depths:2 | Escaped the Abyss
 80291 | Depths:2 | Lost mutation: You are agile. (Dex +2) [potion of mutation]
 80291 | Depths:2 | Lost mutation: Your body sometimes deteriorates upon taking
                  | damage. [potion of mutation]
 80291 | Depths:2 | Lost mutation: Your spells are a little harder to cast, but
                  | a little more powerful. [potion of mutation]
 80291 | Depths:2 | Gained mutation: You evolve. [potion of mutation]
 80291 | Depths:2 | Gained mutation: Your mind is acute. (Int +2) [potion of
                  | mutation]
 80492 | Crypt:1  | Entered Level 1 of the Crypt
 80886 | Crypt:1  | Gained mutation: Your magical capacity is low. (-10% MP)
                  | [evolution]
 80940 | Crypt:1  | Identified the +5 scale mail "Jecoxi" {rElec rC- Dex+6
                  | SInv}
 81779 | Crypt:1  | Noticed Mennas
 81814 | Crypt:1  | Killed Mennas
 82408 | Crypt:1  | Received a gift from Okawaru
 82999 | Crypt:2  | Noticed Boris
 83406 | Crypt:2  | Killed Boris
 83771 | Crypt:2  | Got a twisted quarterstaff
 84243 | Crypt:2  | Identified the Handbook of Black Arts
 84716 | Crypt:3  | Entered Level 3 of the Crypt
 84946 | Crypt:3  | Found a staircase to the Tomb.
 85811 | Crypt:3  | Reached XP level 26. HP: 241/244 MP: 30/30
 85997 | Crypt:3  | Received a gift from Okawaru
 86168 | Crypt:3  | Identified the +3 shortbow "Iskih" {velocity, MR- Int+3
                  | Dex+4}
 86313 | Crypt:3  | Noticed Jory
 86350 | Crypt:3  | Killed Jory
 86759 | Crypt:3  | Identified the Almanac of Evil
 87711 | Slime:1  | Entered Level 1 of the Pits of Slime
 87765 | Slime:1  | Gained mutation: You occasionally shout uncontrollably at
                  | your foes. [a shining eye]
 88221 | Slime:3  | Received a gift from Okawaru
 88361 | Slime:5  | Entered Level 5 of the Pits of Slime
 89388 | Slime:3  | Received a gift from Okawaru
 89652 | Slime:5  | Noticed the Royal Jelly
 89767 | Slime:5  | Killed the Royal Jelly
 89767 | Slime:5  | Reached skill level 23 in Armour
 90182 | Slime:5  | Received a gift from Okawaru
 90193 | Slime:5  | Lost mutation: Your magical capacity is low. (-10% MP) [a
                  | shining eye]
 90194 | Slime:5  | Found the +3 crown of Dyrovepreva {rElec Int+2 SInv}
 90233 | Slime:5  | Got a slimy rune of Zot
 90299 | Slime:5  | Gained mutation: You have a somewhat thin skeletal
                  | structure. (Dex +2, Stealth) [evolution]
 90492 | Slime:5  | Got a faintly glowing tin amulet
 90494 | Slime:5  | Identified the amulet of Ybupetyx {Inacc Dex+3} (You found
                  | it on level 5 of the Pits of Slime)
 90531 | Slime:5  | Got a pair of shimmering boots
 90542 | Slime:5  | Identified the +0 pair of boots "Nilefomm" {MR- Str+5} (You
                  | acquired it on level 5 of the Pits of Slime)
 91116 | Zot:1    | Entered Level 1 of the Realm of Zot
 92676 | Zot:1    | Reached XP level 27. HP: 233/251 MP: 31/34
 94423 | Zot:2    | Received a gift from Okawaru
 94426 | Zot:2    | Identified the +6 scale mail of Courage {rN+ Int-2 Dex+6}
                  | (Okawaru gifted it to you on level 2 of the Realm of Zot)
 94524 | Zot:3    | Noticed an orb of fire
 94531 | Zot:3    | Gained mutation: Potions are less effective at restoring
                  | your health. [an orb of fire]
 94538 | Zot:3    | Gained mutation: Your body sometimes deteriorates upon
                  | taking damage. [an orb of fire]
 94557 | Zot:3    | Killed an orb of fire
 95009 | Zot:3    | Found a huge runed gate.
 95009 | Zot:3    | Found a huge runed gate.
 95009 | Zot:3    | Found a huge runed gate.
 95009 | Zot:3    | Found a huge runed gate.
 95009 | Zot:3    | Found a huge runed gate.
 95009 | Zot:3    | Found a huge runed gate.
 95009 | Zot:3    | Found a huge runed gate.
 95712 | Zot:3    | Found a huge runed gate.
 95713 | Zot:3    | Found a huge runed gate.
 95714 | Zot:3    | Found a huge runed gate.
 95725 | Zot:3    | Found a huge runed gate.
 95725 | Zot:3    | Found a huge runed gate.
 95730 | Zot:3    | Found a huge runed gate.
 95735 | Zot:3    | Found a huge runed gate.
 95735 | Zot:3    | Found a huge runed gate.
 95735 | Zot:3    | Found a huge runed gate.
 95735 | Zot:3    | Found a huge runed gate.
 95776 | Zot:3    | Found a huge runed gate.
 95776 | Zot:3    | Found a huge runed gate.
 95776 | Zot:3    | Found a huge runed gate.
 95776 | Zot:3    | Found a huge runed gate.
 95779 | Zot:3    | Found a huge runed gate.
 95779 | Zot:3    | Found a huge runed gate.
 95779 | Zot:3    | Found a huge runed gate.
 95779 | Zot:3    | Found a huge runed gate.
 95781 | Zot:3    | Found a huge runed gate.
 95807 | Zot:3    | You fall through a shaft!
 96025 | Zot:3    | Found a huge runed gate.
 96025 | Zot:3    | Found a huge runed gate.
 96039 | Zot:3    | Noticed an ancient lich
 97128 | Zot:3    | Killed an ancient lich
 97128 | Zot:3    | Received a gift from Okawaru
 97735 | Zot:4    | Received a gift from Okawaru
 97736 | Zot:4    | Identified the +7 plate armour of Inquiry {Str+3 Int+3
                  | Dex+8 Slay+5 Stlth-} (Okawaru gifted it to you on level 4
                  | of the Realm of Zot)
 97842 | Zot:4    | Reached skill level 1 in Translocations
 98093 | Zot:4    | Learned a level 1 spell: Apportation
 98095 | Zot:4    | Learned a level 1 spell: Summon Butterflies
 98565 | Zot:5    | Entered Level 5 of the Realm of Zot
 98936 | Zot:5    | Reached skill level 10 in Summonings
 99312 | Zot:5    | Reached skill level 24 in Armour
 99555 | Zot:5    | Noticed an ancient lich
 99567 | Zot:5    | Noticed an orb of fire
 99571 | Zot:5    | Noticed an orb of fire
 99573 | Zot:5    | Noticed an orb of fire
 99574 | Zot:5    | Noticed an orb of fire
 99576 | Zot:5    | Noticed an orb of fire
 99577 | Zot:5    | Noticed an orb of fire
 99578 | Zot:5    | Noticed an orb of fire
 99578 | Zot:5    | Noticed an orb of fire
 99587 | Zot:5    | Gained mutation: Your magical capacity is low. (-10% MP)
                  | [an orb of fire]
 99791 | Zot:4    | Killed an orb of fire
 99791 | Zot:4    | Received a gift from Okawaru
100036 | Zot:5    | Gained mutation: You are clumsy. (Dex -2) [an orb of fire]
100037 | Zot:5    | Gained mutation: Your magical capacity is very low. (-20%
                  | MP) [an orb of fire]
100058 | Zot:4    | Gained mutation: Your magical capacity is extremely low.
                  | (-30% MP) [an orb of fire]
100061 | Zot:4    | Gained mutation: You are occasionally teleported next to
                  | monsters. [an orb of fire]
100062 | Zot:4    | Killed an orb of fire
100228 | Zot:4    | Lost mutation: Your mind is acute. (Int +2) [potion of
                  | mutation]
100228 | Zot:4    | Lost mutation: You are clumsy. (Dex -2) [potion of
                  | mutation]
100228 | Zot:4    | Lost mutation: You expend magic power (3 MP) to strengthen
                  | your wands. [potion of mutation]
100228 | Zot:4    | Lost mutation: Your magical capacity is extremely low.
                  | (-30% MP) [potion of mutation]
100228 | Zot:4    | Gained mutation: You have large cloven feet. [potion of
                  | mutation]
100229 | Zot:4    | Lost mutation: You evolve. [potion of mutation]
100229 | Zot:4    | Lost mutation: You have large cloven feet. [potion of
                  | mutation]
100229 | Zot:4    | Gained mutation: You have large cloven feet. [potion of
                  | mutation]
100229 | Zot:4    | Lost mutation: Your magical capacity is very low. (-20% MP)
                  | [potion of mutation]
100230 | Zot:4    | Lost mutation: You have large cloven feet. [potion of
                  | mutation]
100230 | Zot:4    | Lost mutation: Your magical capacity is low. (-10% MP)
                  | [potion of mutation]
100230 | Zot:4    | Lost mutation: You are occasionally teleported next to
                  | monsters. [potion of mutation]
100230 | Zot:4    | Gained mutation: You have a moderately thin skeletal
                  | structure. (Dex +4, Stealth+) [potion of mutation]
100253 | Zot:4    | Killed an ancient lich
100253 | Zot:4    | Received a gift from Okawaru
100254 | Zot:4    | Got an opalescent robe {god gift}
100255 | Zot:4    | Identified the +2 robe of the Well-Known Ghosts {rPois
                  | Str+7 Int-3} (Okawaru gifted it to you on level 4 of the
                  | Realm of Zot)
100386 | Zot:4    | Gained mutation: You are clumsy. (Dex -2) [an orb of fire]
100390 | Zot:4    | Killed an orb of fire
100511 | Zot:4    | Gained mutation: You sometimes yell uncontrollably at your
                  | foes. [an orb of fire]
100512 | Zot:4    | Gained mutation: Your body often deteriorates upon taking
                  | damage. [an orb of fire]
100514 | Zot:4    | Killed an orb of fire
100686 | Zot:4    | Killed an orb of fire
100759 | Zot:5    | Noticed an orb of fire
100759 | Zot:5    | Gained mutation: Armour fits poorly on your strangely
                  | shaped body. [an orb of fire]
100768 | Zot:4    | Gained mutation: You are occasionally teleported next to
                  | monsters. [an orb of fire]
100790 | Zot:4    | Killed an orb of fire
100790 | Zot:4    | Reached skill level 5 in Translocations
101101 | Zot:5    | Gained mutation: You tend to lose your temper in combat.
                  | [an orb of fire]
101122 | Zot:4    | Lost mutation: Armour fits poorly on your strangely shaped
                  | body. [an orb of fire]
101127 | Zot:4    | Killed an orb of fire
101290 | Zot:4    | Lost mutation: You are occasionally teleported next to
                  | monsters. [potion of mutation]
101290 | Zot:4    | Lost mutation: You sometimes yell uncontrollably at your
                  | foes. [potion of mutation]
101290 | Zot:4    | Lost mutation: You are clumsy. (Dex -2) [potion of
                  | mutation]
101290 | Zot:4    | Lost mutation: You tend to lose your temper in combat.
                  | [potion of mutation]
101290 | Zot:4    | Gained mutation: You have large cloven feet. [potion of
                  | mutation]
101290 | Zot:4    | Gained mutation: You expend magic power (3 MP) to
                  | strengthen your wands. [potion of mutation]
101302 | Zot:5    | Lost mutation: Your body often deteriorates upon taking
                  | damage. [an orb of fire]
101305 | Zot:5    | Gained mutation: Scrolls take you a little longer to read.
                  | [an orb of fire]
101310 | Zot:4    | Lost mutation: Scrolls take you a little longer to read.
                  | [an orb of fire]
101317 | Zot:4    | Killed an orb of fire
101349 | Zot:4    | Gained mutation: You are weak. (Str -2) [an orb of fire]
101360 | Zot:4    | Killed an orb of fire
101861 | Zot:5    | Noticed an orb of fire
101876 | Zot:5    | Gained mutation: Your spells are a little easier to cast,
                  | but a little less powerful. [an orb of fire]
101896 | Zot:5    | Gained mutation: You are clumsy. (Dex -2) [an orb of fire]
101904 | Zot:5    | Gained mutation: You are dopey. (Int -2) [an orb of fire]
101910 | Zot:5    | Gained mutation: Armour fits poorly on your strangely
                  | shaped body. [an orb of fire]
102388 | Zot:4    | Gained mutation: You are very weak. (Str -4) [an orb of
                  | fire]
102399 | Zot:4    | Killed an orb of fire
102399 | Zot:4    | Received a gift from Okawaru
103077 | Zot:5    | Noticed an orb of fire
103102 | Zot:5    | Lost mutation: You are surrounded by a mild repulsion
                  | field. (EV +2) [an orb of fire]
103107 | Zot:5    | Gained mutation: You are frail. (-10% HP) [an orb of fire]
103127 | Zot:5    | Gained mutation: You have hoof-like feet. [an orb of fire]
103128 | Zot:5    | Gained mutation: You are very frail. (-20% HP) [an orb of
                  | fire]
103142 | Zot:4    | Killed an orb of fire
103957 | Zot:5    | Received a gift from Okawaru
104393 | Zot:5    | Lost mutation: Your body sometimes deteriorates upon taking
                  | damage. [potion of mutation]
104393 | Zot:5    | Lost mutation: You expend magic power (3 MP) to strengthen
                  | your wands. [potion of mutation]
104393 | Zot:5    | Lost mutation: You occasionally shout uncontrollably at
                  | your foes. [potion of mutation]
104393 | Zot:5    | Lost mutation: You are very frail. (-20% HP) [potion of
                  | mutation]
104393 | Zot:5    | Lost mutation: You are dopey. (Int -2) [potion of mutation]
104393 | Zot:5    | Gained mutation: Your mind is acute. (Int +2) [potion of
                  | mutation]
104394 | Zot:5    | Lost mutation: Armour fits poorly on your strangely shaped
                  | body. [potion of mutation]
104394 | Zot:5    | Lost mutation: You are very weak. (Str -4) [potion of
                  | mutation]
104394 | Zot:5    | Lost mutation: You are frail. (-10% HP) [potion of
                  | mutation]
104394 | Zot:5    | Lost mutation: Potions are less effective at restoring your
                  | health. [potion of mutation]
104394 | Zot:5    | Gained mutation: You evolve. [potion of mutation]
104396 | Zot:5    | Got the Orb of Zot
104464 | Zot:5    | Noticed Wywk the pandemonium lord
104480 | Zot:5    | Killed Wywk the pandemonium lord
104927 | D:8      | Noticed Purr the pandemonium lord
105030 | D:3      | Noticed Koqomaxe the pandemonium lord
105081 | D:1      | Noticed Bunot the pandemonium lord
105103 | D:1      | Killed Bunot the pandemonium lord
105140 | D:$      | Escaped with the Orb!

Skill      XL: |  1  2  3  4  5  6  7  8  9 10 11 12 13 14 15 16 17 18 19 20 21 22 23 24 25 26 27 |
---------------+----------------------------------------------------------------------------------+-----
Staves         | 4 5 6 8 9 11 12 14 | 14.0
Armour         | 1 2 3 4 6 7 9 10 12 13 15 16 17 18 19 20 21 22 23 24 | 24.2
Fighting       | 3 4 5 6 8 9 10 11 12 13 14 15 16 17 18 19 20 21 22 23 | 23.0
Dodging        | 4 5 6 7 9 10 11 13 14 15 16 17 18 19 20 21 22 | 22.5
Invocations    | 2 4 6 7 |  7.5
Earth Magic    | 1 3 5 6 7 9 10 11 12 13 14 15 16 17 20 | 20.1
Evocations     | 3 5 7 9 10 11 12 13 14 15 16 17 21 | 21.0
Shields        | 4 8 9 10 11 | 11.1
Summonings     | 2 7 9 10 | 10.0
Translocations | 5 |  5.2
Throwing       | |  2.0
Spellcasting   | |  0.5

Action                   |  1- 3 |  4- 6 |  7- 9 | 10-12 | 13-15 | 16-18 | 19-21 | 22-24 | 25-27 || total
-------------------------+-------+-------+-------+-------+-------+-------+-------+-------+-------++-------
Melee: Quarterstaff      |   230 |    87 |   415 |   401 |  1328 |  1735 |  1033 |       |       ||  5229
       Headbutt          |    50 |    16 |    77 |   176 |   343 |   619 |   824 |   807 |  1781 ||  4693
       Lajatang          |       |       |       |   348 |       |       |       |       |       ||   348
       Staff             |       |       |       |       |       |       |   994 |  2080 |  4044 ||  7118
       Punch             |       |       |       |       |       |       |     1 |       |       ||     1
       Unarmed           |       |       |       |       |       |       |       |    10 |       ||    10
Throw: Tomahawk          |       |     1 |     3 |     9 |     7 |    38 |    11 |       |       ||    69
       Javelin           |       |       |       |       |     2 |       |       |       |       ||     2
       Throwing net      |       |       |       |       |     1 |       |       |     8 |     6 ||    15
 Cast: Lee's Rapid Decon |       |       |       |       |       |       |       |       |     3 ||     3
       Blink             |       |       |       |       |       |       |       |       |     2 ||     2
       Summon Butterflie |       |       |       |       |       |       |       |       |     9 ||     9
       Apportation       |       |       |       |       |       |       |       |       |     1 ||     1
Invok: Heroism           |       |       |       |     7 |    21 |    26 |    28 |    16 |    60 ||   158
       Finesse           |       |       |       |       |     4 |     4 |     6 |     4 |     9 ||    27
 Abil: Evoke Flight      |       |       |       |       |     1 |    27 |     5 |       |       ||    33
       Evoke Invisibilit |       |       |       |       |       |       |       |       |    13 ||    13
Evoke: Wand              |       |       |       |     1 |     4 |     4 |     4 |       |     3 ||    16
       Lamp of fire      |       |       |       |       |       |     2 |     3 |     1 |     2 ||     8
       Sack of spiders   |       |       |       |       |       |     2 |     2 |     4 |     5 ||    13
       Lightning rod     |       |       |       |       |       |     1 |     6 |       |     1 ||     8
       Phial of floods   |       |       |       |       |       |       |     1 |     1 |       ||     2
       Phantom mirror    |       |       |       |       |       |       |       |       |     1 ||     1
       Box of beasts     |       |       |       |       |       |       |       |       |     1 ||     1
  Use: Potion            |       |     3 |     1 |     3 |     9 |    10 |     8 |    11 |    42 ||    87
       Scroll            |       |       |    16 |    10 |    25 |    15 |    14 |    20 |    23 ||   123
 Stab: Sleeping          |       |       |     1 |       |       |       |       |       |     3 ||     4
       Invisible         |       |       |       |       |       |    11 |       |       |    55 ||    66
       Paralysed         |       |       |       |       |       |     6 |       |       |       ||     6
       Distracted        |       |       |       |       |       |     1 |     1 |     5 |     6 ||    13
       Confused          |       |       |       |       |       |     1 |       |       |     4 ||     5
       Held in net/web   |       |       |       |       |       |       |       |     2 |     5 ||     7
  Eat: Chunk             |     2 |     5 |    13 |    21 |    31 |    37 |    32 |    28 |    10 ||   179
       Ration            |       |       |     1 |     1 |     4 |     5 |     8 |     7 |    24 ||    50
Armor: Leather armour    |    19 |       |       |       |       |       |       |       |       ||    19
       Skin              |       |    26 |       |       |       |       |       |       |       ||    26
       Chain mail        |       |    17 |    97 |   109 |       |       |       |       |       ||   223
       Ring mail         |       |       |     2 |       |       |       |       |       |       ||     2
       Plate armour      |       |       |       |   112 |   370 |   704 |   444 |   396 |   146 ||  2172
       Steam dragon scal |       |       |       |     4 |       |       |       |       |       ||     4
       Crystal plate arm |       |       |       |    65 |    69 |       |       |       |       ||   134
       Scale mail        |       |       |       |       |    51 |       |       |       |       ||    51
       Acid dragon scale |       |       |       |       |       |       |       |   103 |   557 ||   660
Dodge: Dodged            |    68 |    32 |   142 |   321 |   819 |  1316 |   962 |  1154 |  3323 ||  8137
Block: Other             |       |    16 |    53 |   133 |   271 |   300 |   150 |       |       ||   923
       Reflection        |       |     5 |     5 |     7 |    25 |    33 |    56 |    96 |    17 ||   244
       Buckler           |       |       |       |       |       |       |   407 |  1128 |  1727 ||  3262
